 Dungeon Crawl Stone Soup version 0.24-a0-616-ge2a249a6fd (webtiles) character file.

Game seed: 2227352851754513952, levelgen mode: deterministic

580273 Peloso the Minotaur Barricade (level 25, -8/253 HPs)
             Began as a Minotaur Fighter on Sept 13, 2019.
             Was the Champion of Okawaru.
             Killed from afar by a lich (54 damage)
             ... with a crystal spear
             ... on level 5 of the Depths on Sept 14, 2019.
             The game lasted 03:41:32 (67429 turns).

Peloso the Minotaur Barricade (Minotaur Fighter)   Turns: 67429, Time: 03:41:32

Health: -8/253     AC: 46    Str: 34    XL:     25   Next: 91%
Magic:  33/33      EV: 16    Int:  7    God:    Okawaru [******]
Gold:   5029       SH: 31    Dex: 21    Spells: 24/24 levels left

rFire    + . .     SeeInvis .   a - +2 Maxwell's thermic engine {flame, freeze}
rCold    + . .     Gourm    .   c - +2 large shield {reflect}
rNeg     + . .     Faith    .   X - +6 gold dragon scales
rPois    +         Spirit   .   v - +2 hat {MR+}
rElec    .         Reflect  +   g - +1 cloak "Fim Zybb" {Str+5}
rCorr    .         Harm     .   (no gloves)
MR       +++++     Clarity  +   I - +2 pair of boots "Kuodus" {Dex+7}
Stlth    ..........             K - amulet of the Four Winds {rN+ MR+++ Clar}
HPRegen  0.52/turn              u - ring of Robustness {AC+8}
MPRegen  0.23/turn              D - ring "Ovafar" {MR+++ MP+9 Int+4 Stlth-}

@: studying Slings
A: retaliatory headbutt, horns 2, dopey 1
}: 3/15 runes: serpentine, barnacled, silver
a: Heroism, Finesse, Renounce Religion


You were on level 5 of the Depths.
You worshipped Okawaru.
Okawaru was exalted by your worship.
You were hungry.

You visited 9 branches of the dungeon, and saw 45 of its levels.
You also visited: Ice Cave, Volcano and Wizlab.

You collected 9236 gold pieces.
You spent 4207 gold pieces at shops.

Inventory:

Hand Weapons
 a - the +2 Maxwell's thermic engine (weapon) {flame, freeze}
   (You found it on level 5 of the Vaults)

   It has been specially enchanted to burn those struck by it, causing extra
   injury to most foes and up to half again as much damage against particularly
   susceptible opponents.
   Big, fiery blades are also staple armaments of hydra-hunters.
   It has been specially enchanted to freeze those struck by it, causing extra
   injury to most foes and up to half again as much damage against particularly
   susceptible opponents.
 b - a +4 vampiric double sword
 z - the +4 demon blade of Freehold {venom, rF++}
   (Okawaru gifted it to you on level 1 of the Depths)

   It poisons the flesh of those it strikes.
   It greatly protects you from fire.
 O - a +1 battleaxe of freezing
Armour
 c - a +2 large shield of reflection (worn)
 e - a +1 cloak of magic resistance
 g - the +1 cloak "Fim Zybb" (worn) {Str+5}
   (You bought it in a shop on level 2 of the Shoals)

   It affects your strength (+5).
 o - a +0 pair of boots of running
 v - a +2 hat of magic resistance (worn)
 E - a scarf of cloud immunity
 H - the +5 chain mail of the Oligarchy {rElec rC+}
   (Okawaru gifted it to you on level 15 of the Dungeon)

   It protects you from cold.
   It insulates you from electricity.
 I - the +2 pair of boots "Kuodus" (worn) {Dex+7}
   (You bought it in a shop on level 7 of the Dungeon)

   It affects your dexterity (+7).
 X - +6 gold dragon scales (worn)
Jewellery
 j - an uncursed ring of flight
 s - the amulet of Vitality {Regen+ HP+15}
   (You bought it in a shop on level 2 of the Orcish Mines)

   [amulet of regeneration]

   It affects your health (+15).
   It increases your rate of regeneration.
 u - the ring of Robustness (left hand) {AC+8}
   (You bought it in a shop on level 2 of the Orcish Mines)

   [ring of protection]

   It affects your AC (+8).
 w - an uncursed ring of poison resistance
 C - the ring of Shadows {Umbra +Inv Stlth+}
   (You found it in a wizard's laboratory)

   [ring of stealth]

   It lets you turn invisible.
   It makes you more stealthy.
 D - the ring "Ovafar" (right hand) {MR+++ MP+9 Int+4 Stlth-}
   (You took it off a spriggan on level 15 of the Dungeon)

   [ring of magical power]

   It affects your intelligence (+4).
   It affects your resistance to hostile enchantments.
   It affects your magic capacity (+9).
   It makes you less stealthy.
 G - a +3 ring of dexterity {unknown}
 K - the amulet of the Four Winds (around neck) {rN+ MR+++ Clar}
   (You took it off a yaktaur on level 4 of the Depths)

   [amulet of nothing]

   It protects you from negative energy.
   It affects your resistance to hostile enchantments.
   It protects you against confusion.
 Q - an uncursed ring of stealth
 W - the amulet "Wabir" {RegenMP rPois rF+ rC+}
   (You took it off an ironheart preserver on level 4 of the Vaults)

   [amulet of magic regeneration]

   It increases your magic regeneration.
   It protects you from fire.
   It protects you from cold.
   It protects you from poison.
 Y - the ring of Zientem {rPois rC+++ MR+ Int-2 SInv}
   (You took it off a deep elf demonologist on level 3 of the Elven Halls)

   [ring of protection from magic]

   It affects your intelligence (-2).
   It renders you almost immune to cold.
   It protects you from poison.
   It affects your resistance to hostile enchantments.
   It lets you see invisible.
Wands
 n - a wand of polymorph (3)
 q - a wand of flame (20)
 x - a wand of digging (9)
 A - a wand of random effects (16)
 F - a wand of disintegration (14)
Scrolls
 i - 23 scrolls of remove curse
 l - 9 scrolls of teleportation
 t - 12 scrolls of identify
 y - 6 scrolls of noise
 B - 2 scrolls of fear
 S - 3 scrolls of blinking
 U - 4 scrolls of magic mapping
Potions
 d - 8 potions of might
 h - 3 potions of haste
 k - 19 potions of curing
 r - 5 potions of mutation
 L - 2 potions of resistance
 M - a potion of ambrosia
 R - 2 potions of flight
 T - a potion of cancellation
 V - 9 potions of berserk rage
 Z - 2 potions of heal wounds
Books
 p - a manual of Slings
Miscellaneous
 m - a lamp of fire
 J - 2 sacks of spiders
 N - a lamp of fire
Comestibles
 f - 87 rations
 P - 13 chunks of flesh


   Skills:
 + Level 26.1 Fighting
 + Level 26.3 Long Blades
 + Level 20.8 Armour
 + Level 12.1 Dodging
 + Level 4.2 Stealth
 O Level 27 Shields
 + Level 3.8 Invocations
 + Level 0.3 Evocations


You had 24 spell levels left.
You didn't know any spells.
Your spell library contained the following spells:

 Spells                   Type           Power        Failure   Level  Hunger
 Animate Skeleton         Necr           N/A          98%         1    ##.....
 Apportation              Tloc           #.....       98%         1    ##.....
 Beastly Appendage        Tmut           #.....       98%         1    ##.....
 Confusing Touch          Hex            #.....       98%         1    ##.....
 Corona                   Hex            #......      98%         1    ##.....
 Flame Tongue             Conj/Fire      #....        98%         1    ##.....
 Magic Dart               Conj           #...         98%         1    ##.....
 Pain                     Necr           #...         98%         1    ##.....
 Shock                    Conj/Air       #...         98%         1    ##.....
 Sting                    Conj/Pois      #...         98%         1    ##.....
 Summon Butterflies       Summ           #.......     98%         1    ##.....
 Summon Small Mammal      Summ           #...         98%         1    ##.....
 Call Imp                 Summ           #.......     99%         2    ###....
 Corpse Rot               Necr           N/A          99%         2    ###....
 Ensorcelled Hibernation  Hex/Ice        #.....       99%         2    ###....
 Passwall                 Tmut/Erth      #.......     99%         2    ###....
 Poisonous Vapours        Pois/Air       #.....       99%         2    ###....
 Searing Ray              Conj           #.....       99%         2    ###....
 Slow                     Hex            #.......     99%         2    ###....
 Sticks to Snakes         Tmut           #.......     99%         2    ###....
 Sublimation of Blood     Necr           #.........   99%         2    ###....
 Swiftness                Chrm/Air       #.......     99%         2    ###....
 Throw Flame              Conj/Fire      #.....       99%         2    ###....
 Call Canine Familiar     Summ           #.......     100%        3    ####...
 Confuse                  Hex            #.......     100%        3    ####...
 Conjure Flame            Conj/Fire      #.......     100%        3    ####...
 Dazzling Spray           Conj/Hex       #.....       100%        3    ####...
 Gell's Gravitas          Tloc           #.........   100%        3    ####...
 Ignite Poison            Fire/Tmut/Pois #.......     100%        3    ####...
 Inner Flame              Hex/Fire       #.......     100%        3    ####...
 Mephitic Cloud           Conj/Pois/Air  #.......     100%        3    ####...
 Portal Projectile        Hex/Tloc       #.....       100%        3    ####...
 Regeneration             Chrm/Necr      #.........   100%        3    ####...
 Spider Form              Tmut/Pois      #.........   100%        3    ####...
 Static Discharge         Conj/Air       #.......     100%        3    ####...
 Stone Arrow              Conj/Erth      #.....       100%        3    ####...
 Summon Guardian Golem    Hex/Summ       #.......     100%        3    ####...
 Tukima's Dance           Hex            #.......     100%        3    ####...
 Vampiric Draining        Necr           #.........   100%        3    ####...
 Airstrike                Air            #.........   100%        4    #####..
 Animate Dead             Necr           N/A          100%        4    #####..
 Cause Fear               Hex            #.........   100%        4    #####..
 Force Lance              Conj/Tloc      #.......     100%        4    #####..
 Fulminant Prism          Conj/Hex       #.........   100%        4    #####..
 Ice Form                 Ice/Tmut       #.......     100%        4    #####..
 Iskenderun's Mystic Bla  Conj           #.......     100%        4    #####..
 Leda's Liquefaction      Hex/Erth       #.........   100%        4    #####..
 Olgreb's Toxic Radiance  Pois           #.......     100%        4    #####..
 Petrify                  Tmut/Erth      #.......     100%        4    #####..
 Summon Ice Beast         Ice/Summ       #.......     100%        4    #####..
 Summon Lightning Spire   Summ/Air       #.......     100%        4    #####..
 Blade Hands              Tmut           #.........   100%        5    ######.
 Bolt of Magma            Conj/Fire/Erth #.........   100%        5    ######.
 Borgnjor's Vile Clutch   Necr/Erth      #.........   100%        5    ######.
 Dispel Undead            Necr           #.......     100%        5    ######.
 Excruciating Wounds      Chrm/Necr      #.........   100%        5    ######.
 Fireball                 Conj/Fire      #.........   100%        5    ######.
 Irradiate                Conj/Tmut      #.........   100%        5    ######.
 Iskenderun's Battlesphe  Conj/Chrm      #.......     100%        5    ######.
 Lee's Rapid Deconstruct  Erth           #.........   100%        5    ######.
 Lightning Bolt           Conj/Air       #.........   100%        5    ######.
 Metabolic Englaciation   Hex/Ice        #.........   100%        5    ######.
 Silence                  Hex/Air        #.........   100%        5    ######.
 Summon Forest            Summ/Tloc      #.........   100%        5    ######.
 Summon Mana Viper        Hex/Summ       #.......     100%        5    ######.
 Venom Bolt               Conj/Pois      #.........   100%        5    ######.
 Yara's Violent Unravell  Hex/Tmut       #.........   100%        5    ######.
 Bolt of Cold             Conj/Ice       #.........   100%        6    #######
 Bolt of Fire             Conj/Fire      #.........   100%        6    #######
 Conjure Ball Lightning   Conj/Air       #.........   100%        6    #######
 Darkness                 Hex            #.........   100%        6    #######
 Hydra Form               Tmut           #.........   100%        6    #######
 Iron Shot                Conj/Erth      #.........   100%        6    #######
 Shadow Creatures         Summ           N/A          100%        6    #######
 Malign Gateway           Summ/Tloc      #.........   100%        7    #######
 Orb of Destruction       Conj           #.........   100%        7    #######
 Ring of Flames           Chrm/Fire      #.........   100%        7    #######
 Spellforged Servitor     Conj/Summ      #.........   100%        7    #######
 Summon Hydra             Summ           #.........   100%        7    #######
 Ignition                 Fire           #.........   100%        8    #######
 Dragon's Call            Summ           #.........   100%        9    #######


Dungeon Overview and Level Annotations

Branches:
Dungeon (15/15)            Temple (1/1) D:6            Lair (6/6) D:9
 Shoals (4/4) Lair:4        Snake (4/4) Lair:2        Slime (0/5) Lair:6
    Orc (2/2) D:9             Elf (3/3) Orc:2        Vaults (5/5) D:14
  Crypt (0/3) Vaults:2     Depths (5/5) D:15          IceCv (visited)
Volcano (visited)          WizLab (visited)
    Zot: Depths:5

Altars:
Ashenzari
Cheibriados
Dithmenos
Elyvilon
Fedhas
Gozag
Hepliaklqana
Kikubaaqudgha
Makhleb
Nemelex Xobeh
Okawaru
Qazlal
Ru
Sif Muna
Trog
Uskayaw
Vehumet
Wu Jian
Xom
Yredelemnul
Zin
The Shining One
Beogh
Jiyva

Shops:
D:7 *   D:8 !?%!   D:11 (   Orc:2 =**=   Elf:3 (   Shoals:2 [   Snake:2 :
Vaults:4 *[?[%   Depths:1 (   Depths:4 }

Portals:
Hell: Depths:1 Depths:2 Depths:3 Depths:4 Depths:5
Abyss: Depths:3 Depths:4 Depths:5
Pandemonium: Depths:3
Ziggurat: Depths:1

Annotations:
Elf:2 2 runed translucent doors


Innate Abilities, Weirdness & Mutations

You reflexively headbutt those who attack you in melee.
You have a pair of horns on your head.
You are dopey. (Int -2)


Message History

* * * LOW HITPOINT WARNING * * *
The iron dragon completely misses you. You block the iron dragon's attack.
The sphinx hits you but does no damage. You block the sphinx's attack.
The sphinx closely misses you.
A great orb of eyes comes into view.
The iron dragon breathes metal splinters at you.
The spray of metal splinters hits you but does no damage.
You block the lich's attack.
An iron troll comes into view.
You block the lich's attack.
Some of the chunks of flesh in your inventory have rotted away.
The deep troll shaman calls upon its god to speed up the deep troll.
The deep troll seems to speed up.
The sphinx casts a spell.
Something smites you!
* * * LOW HITPOINT WARNING * * *
The sentinel's mark upon you fades away.
The lich casts a spell at you. The crystal spear hits you!!!
You die...

####.T...)))......##
##''###T..P...##
≈≈≈≈≈≈##TTT...##
......≈≈#.W.#..(#
.T.....≈HTC#.#..# ..
._GC≈TD.C#C..# 8
....≈#.DH....#
....≈##L....## .._.≈
#@.#...# 8...
#.#.#..# ...
#..#...## #.......#
#......## #..##...#
#..#.#..# #...##.##
#.......#


You could see an iron dragon, a titan, a frost giant, a fire giant, a fire
dragon, 2 sphinxes, a lich, a flayed ghost, 3 deep trolls, a deep troll earth
mage and 2 deep troll shamans.

Vanquished Creatures
  An ancient lich (Vaults:4)
  A juggernaut (Depths:4)
  Sojobo (Vaults:1)
  Frederick (Vaults:1)
  Vashnia (Snake:4)
  Xtahua (Vaults:4)
  Nikola (Depths:3)
  3 golden dragons
  A bone dragon (Elf:2)
  7 tentacled monstrosities
  2 liches
  9 titans
  3 quicksilver dragons
  3 deep elf blademasters
  Gastronok (Lair:3)
  4 krakens
  11 sphinxes
  The ghost of Bucea the Severer, an adept MiBe of Trog (D:15)
  6 storm dragons
  7 tengu reavers
  8 shadow dragons
  A large abomination (Vaults:5)
  Ilsuiw (Shoals:2)
  8 fire giants
  2 daevas (Depths:1)
  11 frost giants
  7 nagarajas
  Aizul (Snake:4)
  2 iron dragons (Depths:4)
  6 deep elf sorcerers
  18 vault wardens
  Louise (Snake:3)
  An angel (Depths:1)
  18 very ugly things
  2 spriggan defenders
  2 war gargoyles (Vaults:4)
  2 ghouls (Vaults:2)
  2 deep elf elementalists
  A juggernaut skeleton (Depths:3)
  An entropy weaver (shapeshifter) (Depths:3)
  13 ironheart preservers
  A caustic shrike skeleton (Depths:3)
  22 stone giants
  13 deep elf demonologists
  3 entropy weavers (Vaults:4)
  2 vampire knights
  11 deep elf annihilators
  13 purple draconians (WizLab)
  7 spark wasps (Depths:4)
  A green death (Depths:3)
  22 ettins
  Snorg (Lair:6)
  7 merfolk impalers
  8 deep elf death magi
  12 fire dragons
  Josephine (D:10)
  6 merfolk javelineers
  9 statues (WizLab)
  9 great orbs of eyes
  13 ogre magi
  3 jiangshi (Depths:1)
  9 deep elf high priests
  10 yaktaur captains
  10 ice dragons
  3 ghost crabs (Elf:2)
  40 vault guards
  6 rakshasas
  18 naga warriors
  10 centaur warriors
  5 hydras
  14 anacondas
  8 merfolk avatars
  A catoblepas (Lair:2)
  5 merfolk aquamancers
  3 spriggan air magi
  Erica (D:8)
  37 two-headed ogres
  2 alligator snapping turtles
  2 death knights (Vaults:4)
  6 tengu warriors
  6 deep troll shamans
  A vampire mage (Depths:1)
  A hell hog (Volcano)
  5 deep troll earth magi
  4 spriggan berserkers
  31 dancing weapons
  An orc high priest (Orc:2)
  11 naga sharpshooters
  26 deep elf knights
  2 shock serpents (Snake:1)
  Sonja (Orc:2)
  A soul eater (Depths:3)
  Nergalle (Orc:1)
  32 skeletal warriors
  5 hell knights
  19 sea snakes
  4 salamander mystics
  A sixfirhy (Depths:3)
  15 deep trolls
  5 iron trolls
  2 unseen horrors
  5 glowing orange brains
  An infernal demonspawn (Depths:3)
  10 naga ritualists
  2 flayed ghosts
  A glowing orange brain (shapeshifter) (D:14)
  The ghost of 2BsUSBport the Poker, a novice NaFi of Okawaru (D:5)
  22 deep elf archers
  2 wizards
  2 golden dragon skeletons (Depths:3)
  38 harpies
  Pikel (D:5)
  13 orc knights
  6 phantasmal warriors
  99 deep elf magi
  4 necromancers
  A wolf spider zombie (D:15)
  4 wolf spiders
  14 ironbrand convokers
  13 mana vipers
  A tengu skeleton (Depths:1)
  7 orc sorcerers
  12 fauns
  An orb spider (shapeshifter) (Vaults:1)
  A salamander (shapeshifter) (D:15)
  A shadow dragon skeleton (Elf:2)
  33 ugly things
  A moth of wrath (Lair:5)
  5 elephants (Lair:6)
  The ghost of Gynju the Chiller, a novice DsIE of Kikubaaqudgha (D:5)
  A sphinx skeleton (Elf:2)
  13 manticores
  8 salamanders
  14 merfolk sirens
  Maurice (D:11)
  An iron dragon skeleton (Depths:3)
  A stone giant skeleton (Vaults:5)
  10 cyclopes
  Joseph (D:8)
  5 guardian serpents
  2 elephants (shapeshifter)
  A titan simulacrum (Elf:2)
  46 black mambas
  The ghost of bmj180 the Chopper, a novice HOFi (D:5)
  15 vault sentinels
  2 ice statues (IceCv)
  An eye of devastation (shapeshifter) (Depths:1)
  8 water nymphs
  2 frost giant skeletons
  2 gargoyles
  12 spiny frogs
  18 naga magi
  A torpor snail (shapeshifter) (Depths:3)
  2 torpor snails (Lair:5)
  A storm dragon simulacrum (Elf:2)
  An elf zombie (Depths:1)
  A komodo dragon (shapeshifter) (Vaults:4)
  5 freezing wraiths (Vaults:4)
  6 rime drakes (Lair:6)
  An efreet (D:15)
  6 tengu conjurers
  57 yaktaurs
  8 komodo dragons
  2 red devils (Depths:3)
  2 ice devils (D:14)
  A queen bee (shapeshifter) (Vaults:4)
  5 trolls
  29 merfolk
  4 polar bears
  2 trolls (shapeshifter)
  22 blink frogs
  12 tyrant leeches (Lair:5)
  8 hornets
  11 hippogriffs
  A raiju (shapeshifter) (Depths:2)
  2 wind drakes (shapeshifter)
  2 ettin zombies (Depths:1)
  A fire dragon zombie (Depths:1)
  7 snapping turtles
  9 wind drakes
  A dream sheep (shapeshifter) (Vaults:5)
  22 slime creatures
  2 human simulacra
  A fire giant simulacrum (Vaults:2)
  3 air elementals
  A tarantella (shapeshifter) (Vaults:5)
  Sigmund (D:4)
  6 redbacks (Vaults:4)
  4 spriggans
  9 wraiths
  8 water elementals
  2 shadows
  70 yaks
  10 wyverns
  5 hungry ghosts
  3 tarantellas (Vaults:4)
  A fire elemental (Elf:3)
  A hog (shapeshifter) (Depths:1)
  2 steam dragons (Volcano)
  2 vampire mosquitoes (D:15)
  An elf skeleton (Elf:2)
  Grum (D:10)
  2 wargs
  2 yaktaur simulacra
  4 swamp worms (Lair:5)
  67 nagas
  4 acid dragons
  3 hell hounds (Volcano)
  13 water moccasins
  3 floating eyes (shapeshifter)
  2 soldier ants
  A floating eye (Depths:3)
  8 porcupines
  A sky beast (shapeshifter) (Depths:1)
  3 sky beasts
  9 ice beasts
  3 black bears
  45 orc warriors
  An eye of draining (D:15)
  33 ogres
  5 phantoms
  8 boggarts
  13 wolves
  20 centaurs
  14 crocodiles
  An elf simulacrum (Elf:2)
  2 big kobolds
  A wyvern zombie (D:8)
  14 bullfrogs
  2 gnoll sergeants (D:6)
  2 earth elementals
  2 glowing shapeshifter simulacra (Vaults:5)
  4 scorpions
  5 wights (D:14)
  14 killer bees
  2 electric eels
  4 howler monkeys
  9 crimson imps
  2 small abominations (Elf:2)
  5 jellies
  2 bullfrog zombies
  A quasit (Depths:3)
  5 centaur zombies
  22 orc priests
  5 hounds
  A gnoll shaman (D:8)
  24 orc wizards
  6 bullfrog skeletons
  3 centaur skeletons
  3 iron imps (Depths:3)
  3 iguanas
  9 worker ants
  2 hound skeletons
  22 gnolls
  17 adders
  2 shadow imps (D:15)
  3 white imps (Depths:3)
  9 oozes
  An adder skeleton (D:4)
  2 adder zombies
  4 worms
  2 dart slugs
  6 leopard geckos
  79 orcs
  2 giant cockroaches (D:4)
  6 goblins
  5 hobgoblins
  8 jackals
  28 kobolds
  5 quokkas
  2 ball pythons
  8 bats
  2 gnoll zombies (D:4)
  A jackal skeleton (D:4)
  A quokka skeleton (D:5)
  8 rats
  A crawling corpse (Vaults:5)
  A fungus (Lair:6)
  A macabre mass (Elf:2)
  6 plants
  16 tentacles
2200 creatures vanquished.

Vanquished Creatures (others)
  2 deep elf master archers (Elf:3)
  An ironheart preserver (Vaults:1)
  2 stone giants
  A deep elf annihilator (Elf:3)
  A yaktaur captain (Vaults:5)
  A satyr (Shoals:4)
  An ogre mage (Depths:1)
  4 naga sharpshooters (Snake:4)
  2 deep elf knights
  6 deep elf archers
  2 deep elf magi
  An ugly thing (Vaults:4)
  12 yaktaurs
  A slime creature (Vaults:2)
  A warg (Vaults:5)
  3 nagas (Snake:4)
  2 orc warriors
  3 boggarts
  2 centaurs
  A scorpion (shapeshifter) (Vaults:4)
  An adder (D:5)
  3 orcs
  A jackal (D:5)
  6 fungi
  23 plants
  18 tentacles
  6 toadstools (D:3)
  4 withered plants (D:5)
111 creatures vanquished.

Grand Total: 2311 creatures vanquished

Notes
Turn   | Place    | Note
-------+----------+-------------------------------------------
     0 | D:1      | Peloso the Minotaur Fighter began the quest for the Orb.
     0 | D:1      | Reached XP level 1. HP: 19/19 MP: 0/0
   278 | D:1      | Reached XP level 2. HP: 27/27 MP: 1/1
   778 | D:1      | Reached skill level 4 in Shields
  1019 | D:2      | Reached XP level 3. HP: 3/33 MP: 2/2
  1305 | D:2      | You fall into a shaft and drop 2 floors!
  1305 | D:4      | Noticed an ogre
  1324 | D:3      | Reached XP level 4. HP: 23/40 MP: 3/3
  2025 | D:3      | Reached skill level 5 in Armour
  2025 | D:3      | Reached XP level 5. HP: 44/47 MP: 4/4
  2409 | D:3      | Reached XP level 6. HP: 9/53 MP: 5/5
  2451 | D:3      | Reached skill level 5 in Long Blades
  2606 | D:3      | Reached skill level 5 in Fighting
  3217 | D:3      | Reached skill level 5 in Shields
  3477 | D:4      | Found a basalt altar of Yredelemnul.
  3558 | D:4      | Reached XP level 7. HP: 55/61 MP: 6/6
  3578 | D:4      | Got a transparent dagger
  3579 | D:4      | Identified the +5 dagger "Icul" {freeze, Str+2} (You found
                  | it on level 4 of the Dungeon)
  3621 | D:4      | Noticed Sigmund
  3649 | D:4      | Killed Sigmund
  3896 | D:5      | Entered Level 5 of the Dungeon
  3898 | D:5      | Found a runed translucent gate.
  3898 | D:5      | Found a runed translucent gate.
  3898 | D:5      | Found a runed translucent gate.
  3911 | D:5      | Noticed 2BsUSBport's ghost (novice NaFi)
  3911 | D:5      | Noticed bmj180's ghost (novice HOFi)
  3911 | D:5      | Noticed Gynju's ghost (novice DsIE)
  4039 | D:5      | Noticed Pikel
  4064 | D:5      | Killed Pikel
  4064 | D:5      | Reached skill level 6 in Shields
  4064 | D:5      | Reached XP level 8. HP: 26/70 MP: 7/7
  4620 | D:6      | Found a staircase to the Ecumenical Temple.
  4684 | Temple   | Entered the Ecumenical Temple
  4854 | Temple   | Became a worshipper of Warmaster Okawaru
  4931 | D:6      | Reached XP level 9. HP: 70/79 MP: 8/8
  4971 | D:6      | Found a stormy altar of Qazlal.
  5563 | D:7      | Found a sacrificial altar of Ru.
  5573 | D:7      | Reached skill level 7 in Shields
  5587 | D:7      | Reached skill level 10 in Long Blades
  5637 | D:7      | Reached * piety under Okawaru
  5653 | D:7      | Reached skill level 1 in Dodging
  5970 | D:7      | Found Ciplot's General Store.
  5992 | D:7      | Found a shimmering blue altar of Sif Muna.
  5992 | D:7      | Found a sparkling altar of Nemelex Xobeh.
  6503 | D:8      | Found Luanol's Distillery.
  6507 | D:8      | Bought a potion of degeneration for 13 gold pieces
  6579 | D:8      | Noticed a two-headed ogre
  6592 | D:8      | Killed a two-headed ogre
  6592 | D:8      | Reached ** piety under Okawaru
  6592 | D:8      | Reached skill level 8 in Shields
  6650 | D:8      | Reached XP level 10. HP: 55/88 MP: 6/9
  6834 | D:8      | Reached skill level 1 in Invocations
  6846 | D:8      | Found Jijikk's Food Shop.
  6916 | D:8      | Noticed Erica
  6924 | D:8      | Killed Erica
  6924 | D:8      | Reached *** piety under Okawaru
  7116 | D:8      | Noticed Joseph
  7128 | D:8      | Killed Joseph
  7128 | D:8      | Reached **** piety under Okawaru
  7136 | D:8      | Found Mupt's Magic Scroll Emporium.
  7155 | D:8      | Bought a scroll of magic mapping for 38 gold pieces
  7214 | D:8      | Found Qelimip's Distillery.
  7531 | D:5      | Killed 2BsUSBport's ghost
  7539 | D:5      | Killed Gynju's ghost
  7544 | D:5      | Killed bmj180's ghost
  7544 | D:5      | Reached skill level 9 in Shields
  7565 | D:5      | Got a steaming scale mail
  7576 | D:5      | Identified the +4 scale mail of Indecent Exposure {rC++
                  | Dex+4} (You found it on level 5 of the Dungeon)
  7695 | D:9      | Reached skill level 10 in Armour
  7715 | D:9      | Reached ***** piety under Okawaru
  8018 | D:9      | Found a staircase to the Orcish Mines.
  8209 | D:9      | Found a staircase to the Lair.
  8525 | Lair:1   | Entered Level 1 of the Lair of Beasts
  8532 | D:9      | Reached XP level 11. HP: 97/97 MP: 11/11
  8605 | D:10     | Entered Level 10 of the Dungeon
  8635 | D:10     | Noticed Grum
  8653 | D:10     | Killed Grum
  8653 | D:10     | Reached skill level 1 in Stealth
  8729 | D:10     | Noticed a two-headed ogre
  8735 | D:10     | Killed a two-headed ogre
  8945 | D:10     | Noticed Josephine
  8957 | D:10     | Killed Josephine
  8957 | D:10     | Reached ****** piety under Okawaru
  9298 | D:10     | Received a gift from Okawaru
  9358 | D:10     | Noticed a two-headed ogre
  9365 | D:10     | Killed a two-headed ogre
  9365 | D:10     | Reached skill level 10 in Fighting
  9365 | D:10     | Reached skill level 10 in Shields
  9690 | D:7      | Bought the +2 pair of boots "Kuodus" {Dex+7} for 543 gold
                  | pieces
  9786 | D:11     | Noticed Maurice
  9885 | D:11     | Killed Maurice
 10012 | D:11     | Noticed a two-headed ogre
 10018 | D:11     | Killed a two-headed ogre
 10018 | D:11     | Reached XP level 12. HP: 75/107 MP: 12/12
 10532 | D:11     | Noticed a centaur warrior
 10543 | D:11     | Killed a centaur warrior
 10620 | D:11     | Found Naykkes's Weapon Shoppe.
 10626 | D:11     | Reached skill level 11 in Shields
 10894 | D:11     | Received a gift from Okawaru
 11063 | D:12     | Reached skill level 12 in Shields
 11209 | D:12     | Noticed a two-headed ogre
 11217 | D:12     | Killed a two-headed ogre
 11274 | D:12     | Reached skill level 15 in Long Blades
 11895 | D:13     | Reached XP level 13. HP: 98/116 MP: 13/13
 12225 | D:13     | Reached skill level 13 in Shields
 12241 | D:13     | Received a gift from Okawaru
 13944 | Lair:2   | Found a staircase to the Snake Pit.
 14111 | Lair:2   | Reached skill level 5 in Dodging
 14616 | Lair:3   | Received a gift from Okawaru
 14681 | Lair:3   | Reached skill level 14 in Shields
 14946 | Lair:3   | Noticed Gastronok
 14960 | Lair:3   | Killed Gastronok
 15402 | Lair:4   | Found a dark tunnel.
 15412 | Volcano  | Entered a volcano
 15630 | Volcano  | Noticed a fire dragon
 15645 | Volcano  | Killed a fire dragon
 15661 | Volcano  | Identified a scroll of acquirement
 15774 | Lair:4   | Reached XP level 14. HP: 127/127 MP: 14/14
 16204 | Lair:4   | Found a staircase to the Shoals.
 16619 | Lair:5   | Reached skill level 15 in Shields
 17014 | Lair:5   | Received a gift from Okawaru
 17879 | Lair:6   | Entered Level 6 of the Lair of Beasts
 17941 | Lair:6   | Found a viscous altar of Jiyva.
 17944 | Lair:6   | Found a staircase to the Slime Pits.
 17953 | Lair:6   | Noticed Snorg
 17970 | Lair:6   | Killed Snorg
 18563 | Lair:6   | Reached skill level 16 in Shields
 18759 | Lair:6   | Got a heavily runed chain mail
 19022 | Lair:6   | Identified the +1 chain mail of the Lotus Blossom {rPois
                  | Str+3} (You found it on level 6 of the Lair of Beasts)
 19159 | Orc:1    | Entered Level 1 of the Orcish Mines
 19258 | Orc:1    | Noticed Nergalle
 19265 | Orc:1    | Killed Nergalle
 19410 | Orc:2    | Entered Level 2 of the Orcish Mines
 19410 | Orc:2    | Noticed Sonja
 19498 | Orc:2    | Found a staircase to the Elven Halls.
 19648 | Orc:2    | Received a gift from Okawaru
 20155 | Orc:2    | Received a gift from Okawaru
 20376 | Orc:2    | Found Pottecra's General Store.
 20376 | Orc:2    | Found Moicac's Jewellery Shop.
 20380 | Orc:2    | Found Olyt's Jewellery Boutique.
 20380 | Orc:2    | Found Betzil's General Store.
 20446 | Orc:2    | Killed Sonja
 20446 | Orc:2    | Reached XP level 15. HP: 137/137 MP: 15/15
 20569 | Orc:2    | Found a roughly hewn altar of Beogh.
 20834 | Orc:1    | Found a roughly hewn altar of Beogh.
 21222 | D:14     | Found a frozen archway.
 21243 | IceCv    | Entered an ice cave
 21268 | IceCv    | Found a transporter.
 21382 | IceCv    | Found a transporter.
 21600 | D:14     | Received a gift from Okawaru
 21669 | D:14     | Reached skill level 17 in Shields
 21677 | D:14     | Found a gate to the Vaults.
 21919 | D:14     | Got a pair of ichor-stained boots {god gift}
 21930 | D:14     | Identified the -2 pair of boots "Xoaxixzo" {Regen+}
                  | (Okawaru gifted it to you on level 14 of the Dungeon)
 22745 | D:15     | Entered Level 15 of the Dungeon
 23010 | D:15     | Reached skill level 15 in Fighting
 23035 | D:15     | Found a hide-covered altar of Uskayaw.
 23124 | D:15     | Received a gift from Okawaru
 23264 | D:15     | Received a gift from Okawaru
 23272 | D:15     | Got a shimmering chain mail {god gift}
 23318 | D:15     | Identified the +5 chain mail of the Oligarchy {rElec rC+}
                  | (Okawaru gifted it to you on level 15 of the Dungeon)
 23362 | D:15     | Found a staircase to the Depths.
 23483 | D:15     | Reached XP level 16. HP: 139/149 MP: 16/16
 23530 | D:15     | Found a runed translucent door.
 23530 | D:15     | Noticed Bucea's ghost (adept MiBe)
 23530 | D:15     | Identified the ring "Ovafar" {MR+++ MP+9 Int+4 Stlth-}
 23530 | D:15     | Identified the +9 trident of the Genius {pierce, rC++ MR+}
 23568 | D:15     | Killed Bucea's ghost
 23919 | D:15     | Found a glowing silver altar of Zin.
 23932 | D:15     | Upgraded the game from 0.24-a0-615-g751f86b5a9 to
                  | 0.24-a0-616-ge2a249a6fd
 24240 | Snake:1  | Entered Level 1 of the Snake Pit
 24240 | Snake:1  | Found a basalt altar of Yredelemnul.
 24421 | Snake:1  | Reached skill level 15 in Armour
 24438 | Snake:1  | Reached skill level 18 in Shields
 25477 | Snake:2  | Received a gift from Okawaru
 25917 | Snake:2  | Found a snail-covered altar of Cheibriados.
 26004 | Snake:2  | Got a scorched scale mail
 26015 | Snake:2  | Identified the +2 scale mail "Gaepag" {rElec Int-3 Dex+2}
                  | (You found it on level 2 of the Snake Pit)
 26168 | Snake:2  | Found Zagarapsu's Book Shop.
 26330 | Snake:2  | You fall into a shaft and drop 1 floor!
 27352 | Snake:3  | Reached skill level 19 in Shields
 27688 | Snake:3  | Received a gift from Okawaru
 27696 | Snake:3  | Got an ancient chain mail {god gift}
 27945 | Snake:3  | Reached XP level 17. HP: 156/159 MP: 10/17
 27987 | Snake:3  | Identified the +1 chain mail "Quity" {+Fly rN+ Str-5 Dex+4}
                  | (Okawaru gifted it to you on level 3 of the Snake Pit)
 28168 | Shoals:1 | Entered Level 1 of the Shoals
 29465 | Elf:1    | Entered Level 1 of the Elven Halls
 29528 | Elf:1    | Found a magical portal.
 29741 | WizLab   | Reached skill level 20 in Shields
 29759 | WizLab   | Received a gift from Okawaru
 31874 | WizLab   | Identified Iskenderun's Collected Works on Battle Magic
 31874 | WizLab   | Identified Iskenderun's Guide on Combat Magic
 31896 | WizLab   | Found the ring of Shadows {Umbra +Inv Stlth+}
 31911 | WizLab   | Identified Odan's Catalogue of the Shifting Entourage
 32419 | Elf:1    | Received a gift from Okawaru
 32781 | Elf:1    | Reached XP level 18. HP: 168/170 MP: 19/19
 32955 | Elf:1    | Noticed a Tzitzimitl
 33487 | Elf:1    | Identified the Grimoire of the Escort
 34148 | Elf:2    | Found a large runed translucent door.
 34148 | Elf:2    | Found a large runed translucent door.
 34172 | Elf:2    | Found a large runed translucent door.
 34172 | Elf:2    | Found a large runed translucent door.
 34854 | Elf:2    | Noticed a bone dragon
 34877 | Elf:2    | Killed a bone dragon
 34877 | Elf:2    | Received a gift from Okawaru
 34877 | Elf:2    | Reached skill level 21 in Shields
 34938 | Elf:2    | Identified the Reference Book on Necromancy
 35136 | Elf:3    | Entered Level 3 of the Elven Halls
 35293 | Elf:3    | Found Mudupsoi's Weapon Emporium.
 35429 | Elf:3    | Got a shimmering trident
 35514 | Elf:3    | Noticed a Tzitzimitl
 35989 | Elf:3    | Gained mutation: You are dopey. (Int -2) [a neqoxec]
 36328 | Elf:3    | Noticed a Hell Sentinel
 36854 | Elf:3    | Identified the +9 morningstar of Maideiqov {antimagic,
                  | rPois}
 37073 | Elf:3    | Identified the cursed +0 scythe "Ulecaugu" {drain, rElec
                  | Int+3}
 37607 | Elf:3    | Noticed a Tzitzimitl
 37991 | Elf:2    | Received a gift from Okawaru
 37994 | Elf:2    | Got a spiked chain mail {god gift}
 38008 | Elf:2    | Identified the +0 chain mail of Pathos {rF- MR+ rCorr
                  | Dex+7} (Okawaru gifted it to you on level 2 of the Elven
                  | Halls)
 38163 | Elf:3    | Noticed a Hell Sentinel
 38328 | Elf:3    | Reached XP level 19. HP: 133/180 MP: 20/20
 38332 | Elf:3    | Identified the +7 dagger of Tenacity {pierce, Int+4 Stlth+}
 38332 | Elf:3    | Identified the ring of Zientem {rPois rC+++ MR+ Int-2 SInv}
 38776 | Elf:3    | Noticed a Tzitzimitl
 39575 | Elf:3    | Noticed a Tzitzimitl
 40118 | Elf:3    | Identified the +1 robe of Ceud {rF++ rC+}
 40160 | Elf:3    | Identified the +9 dagger of Haqawena {vamp, rElec Str+3}
 40583 | Elf:3    | Identified the Reference Book on Clay and Translocation
 40601 | Elf:3    | Identified Omasur Ivua's Handbook of the Rocks and Slavery
 40626 | Elf:3    | Identified Luaphir's Catalogue of Creative Ignition
 40857 | Lair:1   | Identified the +4 trident of Xom's Hatred {pierce, Fragile
                  | +Rage rElec} (You found it on level 3 of the Elven Halls)
 41210 | Elf:3    | Identified a +0 pair of boots of running (You found it on
                  | level 3 of the Elven Halls)
 41521 | Elf:2    | Reached skill level 22 in Shields
 42415 | Orc:2    | Bought the amulet of Vitality {Regen+ HP+15} for 1343 gold
                  | pieces
 42415 | Orc:2    | Found the amulet of Vitality {Regen+ HP+15}
 42420 | Orc:2    | Bought the ring of Robustness {AC+8} for 1792 gold pieces
 42420 | Orc:2    | Found the ring of Robustness {AC+8}
 42714 | Shoals:2 | Noticed Ilsuiw
 42739 | Shoals:2 | Killed Ilsuiw
 42916 | Shoals:2 | Received a gift from Okawaru
 43356 | Shoals:2 | Found Afue's Armour Emporium.
 44019 | Shoals:2 | Bought the +1 cloak "Fim Zybb" {Str+5} for 405 gold pieces
 44649 | Shoals:4 | Entered Level 4 of the Shoals
 44683 | Shoals:4 | Reached XP level 20. HP: 191/191 MP: 21/21
 44890 | Shoals:4 | Got a jewelled war axe
 44905 | Shoals:4 | Identified the +9 war axe "Ucunauc" {antimagic, Dex+5} (You
                  | found it on level 4 of the Shoals)
 44931 | Shoals:4 | Reached skill level 23 in Shields
 45346 | Shoals:4 | Received a gift from Okawaru
 45368 | Shoals:4 | Got an ivory fustibalus
 45369 | Shoals:4 | Identified the +2 fustibalus "Loc Tege" {velocity, rC+ rN+
                  | Int-2 Stlth+} (You found it on level 4 of the Shoals)
 45862 | Shoals:4 | Got a barnacled rune of Zot
 46208 | Snake:4  | Entered Level 4 of the Snake Pit
 46248 | Snake:4  | Noticed Louise
 46257 | Snake:4  | Noticed Aizul
 46266 | Snake:4  | Received a gift from Okawaru
 46269 | Snake:4  | Killed Aizul
 46486 | Snake:3  | Killed Louise
 46759 | Snake:4  | Reached skill level 24 in Shields
 46982 | Snake:4  | Got a serpentine rune of Zot
 47745 | Snake:4  | Noticed Vashnia
 47871 | Snake:4  | Killed Vashnia
 47883 | Snake:4  | Reached XP level 21. HP: 201/201 MP: 22/22
 48742 | Vaults:1 | Entered Level 1 of the Vaults
 48776 | Vaults:1 | Received a gift from Okawaru
 48817 | Vaults:1 | Noticed Sojobo
 48833 | Vaults:1 | Noticed Frederick
 48861 | Vaults:1 | Killed Sojobo
 48868 | Vaults:1 | Killed Frederick
 49160 | Vaults:1 | Reached skill level 25 in Shields
 49942 | Vaults:1 | Received a gift from Okawaru
 50978 | Vaults:2 | Found a staircase to the Crypt.
 51877 | Vaults:2 | Received a gift from Okawaru
 52028 | Vaults:2 | Reached XP level 22. HP: 211/211 MP: 23/23
 52235 | Vaults:3 | Reached skill level 26 in Shields
 52291 | Vaults:3 | Reached skill level 10 in Dodging
 53182 | Vaults:3 | Received a gift from Okawaru
 53968 | Vaults:4 | Found Kurhimol's Assorted Antiques.
 54090 | Vaults:5 | Entered Level 5 of the Vaults
 54278 | Vaults:4 | Received a gift from Okawaru
 54350 | Vaults:4 | Received a gift from Okawaru
 54350 | Vaults:4 | Reached skill level 27 in Shields
 54360 | Vaults:4 | Got a slimy falchion {god gift}
 54367 | Vaults:4 | Identified the +11 falchion of Karma {vamp, rPois rF+++ rC-
                  | Stlth+} (Okawaru gifted it to you on level 4 of the Vaults)
 54424 | Vaults:5 | Noticed a golden dragon
 54523 | Vaults:4 | Found Tudgho's Armour Emporium.
 54546 | Vaults:4 | Found Ameibodiots's Magic Scroll Emporium.
 54610 | Vaults:4 | Bought a scroll of magic mapping for 73 gold pieces
 54797 | Vaults:4 | Reached XP level 23. HP: 222/222 MP: 24/24
 55070 | Vaults:4 | Found Onit's Food Shoppe.
 55455 | Vaults:4 | Identified the +9 short sword of Efre {holy, *Contam *Slow
                  | +Blink rN+++}
 55585 | Vaults:4 | Found Ilameemo's Antique Armour Emporium.
 56102 | Vaults:5 | Noticed Xtahua
 56119 | Vaults:4 | Received a gift from Okawaru
 56451 | Vaults:5 | Noticed an ancient lich
 56456 | Vaults:4 | Killed Xtahua
 56534 | Vaults:5 | Identified the amulet "Wabir" {RegenMP rPois rF+ rC+}
 56603 | Vaults:4 | Received a gift from Okawaru
 57270 | Vaults:4 | Killed an ancient lich
 57705 | Vaults:5 | Received a gift from Okawaru
 58730 | Vaults:5 | Reached XP level 24. HP: 235/235 MP: 24/24
 59175 | Vaults:5 | Got a silver rune of Zot
 60104 | Vaults:5 | Found the +2 Maxwell's thermic engine {flame, freeze}
 60932 | Depths:1 | Entered Level 1 of the Depths
 60971 | Depths:1 | Got a pitted scale mail
 61001 | Depths:1 | Found Weqeig's Antique Weapon Boutique.
 61026 | Depths:1 | Received a gift from Okawaru
 61047 | Depths:1 | Got a faintly glowing demon blade {god gift}
 61056 | Depths:1 | Identified the +4 demon blade of Freehold {venom, rF++}
                  | (Okawaru gifted it to you on level 1 of the Depths)
 61076 | Depths:1 | Found a gateway to a ziggurat.
 61120 | Depths:1 | Identified the +0 scale mail of the Tired Stories {Str+9
                  | Int-5 Dex-4 Stlth+} (You found it on level 1 of the Depths)
 61387 | Depths:1 | Found a gateway to Hell.
 63014 | Depths:2 | Received a gift from Okawaru
 63882 | Depths:2 | Got a fine demon trident
 63883 | Depths:2 | Identified the +7 demon trident "Naonocza" {vamp, rF++
                  | SInv} (You found it on level 2 of the Depths)
 64033 | Depths:3 | Found a shattered altar of Ashenzari.
 64186 | Depths:3 | Received a gift from Okawaru
 64945 | Depths:2 | Reached XP level 25. HP: 230/248 MP: 24/24
 65088 | Depths:3 | Paralysed by a floating eye for 2 turns
 65301 | Depths:3 | Found a one-way gate to the infinite horrors of the Abyss.
 65383 | Depths:3 | Found a one-way gate leading to the halls of Pandemonium.
 65527 | Depths:3 | Noticed Nikola
 65534 | Depths:3 | Killed Nikola
 65701 | Depths:3 | Received a gift from Okawaru
 65703 | Depths:3 | Got a steaming shortbow {god gift}
 66006 | Depths:4 | Noticed a juggernaut
 66027 | Depths:4 | Killed a juggernaut
 66053 | Depths:4 | Received a gift from Okawaru
 66757 | Depths:4 | Received a gift from Okawaru
 66832 | Depths:4 | Identified the +8 shortbow of the Forest {flame, rF+ Int+6}
                  | (Okawaru gifted it to you on level 3 of the Depths)
 67130 | Depths:4 | Found Sukh's Gadget Shop.
 67135 | Depths:4 | Identified the Handbook of Combat Magic
 67156 | Depths:5 | Entered Level 5 of the Depths
 67417 | Depths:5 | Found a shimmering altar of Xom.
 67423 | Depths:5 | Found a sacrificial altar of Ru.
 67424 | Depths:5 | Found a sacrificial altar of Ru.
 67429 | Depths:5 | Killed from afar by a lich

Levels and vault maps discovered:
D:1:      dpeg_arrival_arbitrary_a, layout_basic, fountainhead
D:2:      layout_loops_cross
D:3:      cheibrodos_fertilizer, layout_basic
D:4:      layout_rooms, lemuel_zombie_altar_yredelemnul, minmay_misc_feat_rows,
          serial_bayou_lake_a, uniq_sigmund
D:5:      layout_basic, gammafunk_ghost_cemetery, first_ration, uniq_pikel
D:6:      layout_loops_ring, minmay_temple_entry_grid, basic_altar,
          serial_park_tiny_1, corexii_checkpoint_a, kennysheep_generic_room_7
D:7:      layout_basic, nicolae_ru_awakened_eye, gammafunk_temple_overflow_wave,
          serial_shops, nicolae_shop_waterfront
D:8:      layout_basic, serial_shops, nicolae_shop_behind_doors, shop, shop,
          nicolae_shop_stone, minmay_door_square, uniq_erica, uniq_joseph
D:9:      layout_loops_ring, grunt_lair_entry_orc_guard_hut, orc_0_dummy
D:10:     layout_irregular_city, uniq_grum, uniq_josephine
D:11:     layout_long_grid, serial_shops, shop, hangedman_pestilent_swarm,
          uniq_maurice
D:12:     layout_rooms
D:13:     layout_layer_cave
D:14:     layout_basic, erik_vaults_2, nicolae_sextant,
          portal_ice_cave_demonic_guard, chequers_serial_rivers_micro_e
D:15:     hangedman_depths_entry_civil_slaughter, layout_long_grid, basic_altar,
          ebering_ghost_funeral_grove, zin_angel
Temple:   dpeg_five_rooms_temple
Lair:1:   layout_regular_city, grunt_megastairs_5
Lair:2:   layout_regular_city, dummy_snake_entry
Lair:3:   layout_chaotic_city, minivault_25, gammafunk_lair_bear_cave,
          uniq_gastronok
Lair:4:   layout_gridlike, elwin_shoals_entry_rooms, enter_volcano_1
Lair:5:   layout_regular_city, worms_lemuel, lemuel_fruit_tree
Lair:6:   gammafunk_lair_ancient_temple, layout_regular_city, slime_altar_1,
          uniq_snorg
Shoals:1: layout_shoals, hangedman_shoals_cup_caves
Shoals:2: cheibrodos_shoals_three_sisters, layout_shoals, serial_shops, shop,
          uniq_ilsuiw
Shoals:3: layout_shoals
Shoals:4: shoals_end_hangedman, layout_shoals
Snake:1:  layout_onion, basic_altar, hangedman_snake_wide_pillar_pass
Snake:2:  layout_chambers, serial_shops, shop, basic_altar,
          nicolae_snake_linked_coils, nicolae_snake_squiggles, st_stairs_13,
          minmay_snake_pond
Snake:3:  layout_onion, serial_bayou_shore_b
Snake:4:  johnstein_snake_rune_scales, layout_cave_town, uniq_vashnia,
          uniq_aizul, uniq_louise
Orc:1:    layout_caves, basic_altar, uniq_nergalle
Orc:2:    st_orc_mages, layout_caves, david_defended_altar_orc, uniq_sonja
Elf:1:    minmay_elf_arrival_plus, layout_loops_corners, mu_enter_wizlab_5,
          minmay_elf_demonology
Elf:2:    layout_onion_city, hangedman_research_thanatology
Elf:3:    elf_hall, layout_geoelf_grid, serial_shops, shop
Vaults:1: ontoclasm_vaults_tryst, vaults_room_door_hall, v_misc_25,
          sword_in_stone, hangedman_vaults_variations, hangedman_vaults_slither,
          vaults_room_ringed_pool, vaults_room_large_hall, vaults_room_boxed,
          vaults_standard_mumra_enter_the_diamond, layout_vaults_maze_bifur
Vaults:2: hangedman_vaults_hat, hangedman_vaults_river_flow,
          ontoclasm_vaults_spin, nicolae_vaults_big_ls, grunt_vaults_funnel,
          minmay_crypt_entry_simple_walls, vaults_room_grunt_arrival_ludios,
          nicolae_vaults_asterisk, nicolae_vaults_theta,
          nicolae_vaults_inception_scallops, nicolae_vaults_little_squares_6,
          v_misc_16, nicolae_vaults_gold_heap, serial_ice_g,
          layout_vaults_big_cross
Vaults:3: v_misc_16, ontoclasm_vaults_ligature, nicolae_vaults_border_crossing,
          hangedman_vaults_snaps, nicolae_vaults_little_squares_2,
          nicolae_vaults_network_square, ontoclasm_vaults_eye,
          nicolae_vaults_little_squares_6, layout_vaults_quadrants
Vaults:4: ontoclasm_vaults_shuriken, v_misc_11, hangedman_vaults_cutoff,
          vaults_mumra_chevron, hangedman_vaults_impose, vaults_dpeg_diagonal,
          hangedman_vaults_capsules, v_misc_10, v_misc_10,
          hangedman_vaults_maws, layout_vaults_chaotic_city, serial_shops, shop,
          nicolae_shop_behind_doors, shop, shop_statue,
          nicolae_shop_overgrown_old_shop
Vaults:5: uniq_xtahua
Depths:1: layout_cave_shapes, enter_ziggurat_d, serial_shops, shop, hell_entry,
          nrook_pool_corridor, minmay_mirror_moons_of_madness
Depths:2: minmay_nested_s, layout_cross, glass_columns_c, hell_entry,
          infiniplex_staircase_x
Depths:3: minmay_skeletal_surprise, layout_cave_shapes,
          nicolae_abyss_entry_one_way_or_another, hell_entry,
          nicolae_ashenzari_panopticon, grunt_pan_entry_in_and_out,
          minmay_misc_feat_nine_boxes, uniq_nikola
Depths:4: minmay_box_of_curves, layout_cave_shapes, hell_entry, serial_shops,
          kennysheep_little_box, abyss_entry, serial_bayou_shore_b,
          infiniplex_staircase_pool_1
Depths:5: hangedman_slaughterboxes, hell_entry, abyss_entry

Skill      XL: |  1  2  3  4  5  6  7  8  9 10 11 12 13 14 15 16 17 18 19 20 21 22 23 24 25 |
---------------+----------------------------------------------------------------------------+-----
Armour         | 4 5 6 7 9 10 12 13 14 15 16 17 18 19 20 | 20.8
Shields        | 4 5 6 8 9 10 12 14 16 17 19 20 21 22 24 25 27 | 27.0
Long Blades    | 3 4 6 8 9 11 12 14 15 16 17 18 19 20 21 22 23 24 26 | 26.3
Fighting       | 4 5 6 7 8 9 10 11 12 13 15 16 17 18 19 20 21 23 24 26 | 26.1
Dodging        | 1 2 4 5 6 7 8 9 10 11 12 | 12.1
Invocations    | 1 2 3 |  3.8
Stealth        | 1 2 3 4 |  4.2
Evocations     | |  0.3

Action                   |  1- 3 |  4- 6 |  7- 9 | 10-12 | 13-15 | 16-18 | 19-21 | 22-24 | 25-27 || total
-------------------------+-------+-------+-------+-------+-------+-------+-------+-------+-------++-------
Melee: Long sword        |    74 |   164 |   245 |    52 |       |       |       |       |       ||   535
       Headbutt          |     7 |    31 |    65 |   152 |   457 |   592 |   772 |   796 |   149 ||  3021
       Scimitar          |       |       |       |   469 |  1224 |  1437 |   844 |       |       ||  3974
       Double sword      |       |       |       |       |       |       |  1187 |  1483 |   393 ||  3063
       Falchion          |       |       |       |       |       |       |       |   415 |       ||   415
Invok: Heroism           |       |       |     2 |     4 |     8 |    19 |     6 |     5 |       ||    44
Evoke: Wand              |       |       |       |       |     1 |       |     2 |     1 |       ||     4
  Use: Potion            |     2 |       |       |       |     1 |     3 |     3 |     2 |       ||    11
       Scroll            |       |       |     4 |    12 |    12 |     7 |    10 |    11 |     2 ||    58
 Stab: Paralysed         |       |       |       |       |     1 |       |       |       |       ||     1
       Distracted        |       |       |       |       |       |     1 |       |       |       ||     1
  Eat: Chunk             |     1 |     4 |    10 |    14 |    30 |    37 |    34 |    37 |     4 ||   171
       Ration            |       |     1 |       |     2 |     3 |     3 |     4 |     2 |     1 ||    16
Armor: Chain mail        |    25 |    74 |     4 |       |   131 |   444 |   755 |   544 |       ||  1977
       Scale mail        |     5 |       |       |    47 |       |       |       |       |       ||    52
       Plate armour      |       |       |    92 |   124 |   235 |       |       |       |       ||   451
       Gold dragon scale |       |       |       |       |       |       |       |   169 |   145 ||   314
Dodge: Dodged            |    29 |    31 |    62 |   236 |   400 |   461 |   837 |   705 |   131 ||  2892
Block: Shield            |    44 |    75 |   119 |   296 |   903 |  1021 |  1240 |       |       ||  3698
       Reflection        |       |       |       |       |       |    72 |   276 |   174 |    41 ||   563
       Large shield      |       |       |       |       |       |       |  1216 |  2946 |   538 ||  4700
       Rpst.: Long sword |     4 |     7 |    18 |     3 |       |       |       |       |       ||    32
       Scimitar          |       |       |       |    68 |   106 |    87 |    56 |       |       ||   317
       Double sword      |       |       |       |       |       |       |    91 |    87 |    12 ||   190
       Falchion          |       |       |       |       |       |       |       |    29 |       ||    29

Table legend:
 A = Non-vault XP
 B = Vault XP
 C = Vault XP percentage of total XP
 D = Non-vault monster count
 E = Vault monster count
 F = Vault count percentage of total count
                 A         B        C        D         E       F
            +---------+---------+-------+---------+---------+-------
      Total |  620826 |  680539 |  52.3 |    1386 |     833 |  37.5
            +---------+---------+-------+---------+---------+-------
        D:1 |      45 |       0 |   0.0 |      18 |       0 |   0.0
        D:2 |      72 |       0 |   0.0 |      14 |       0 |   0.0
        D:3 |     179 |     190 |  51.5 |      22 |      17 |  43.6
        D:4 |     391 |     223 |  36.3 |      21 |       3 |  12.5
        D:5 |     220 |    2249 |  91.1 |      11 |       4 |  26.7
        D:6 |    1161 |       5 |   0.4 |      29 |       2 |   6.5
        D:7 |    1101 |       0 |   0.0 |      26 |       0 |   0.0
        D:8 |    2425 |    1384 |  36.3 |      27 |       2 |   6.9
        D:9 |     670 |    1040 |  60.8 |      11 |       7 |  38.9
       D:10 |    4603 |    2466 |  34.9 |      27 |       9 |  25.0
       D:11 |   10610 |    1191 |  10.1 |      61 |       5 |   7.6
       D:12 |    8773 |       0 |   0.0 |      37 |       0 |   0.0
       D:13 |    6458 |       0 |   0.0 |      37 |       0 |   0.0
       D:14 |   17003 |    8681 |  33.8 |      40 |      10 |  20.0
       D:15 |   18918 |    8760 |  31.6 |      42 |      12 |  22.2
     Temple |      42 |       0 |   0.0 |       1 |       0 |   0.0
     Lair:1 |    3555 |     611 |  14.7 |      19 |       3 |  13.6
     Lair:2 |    3752 |       0 |   0.0 |      16 |       0 |   0.0
     Lair:3 |    4012 |    2866 |  41.7 |      18 |       4 |  18.2
     Lair:4 |    6321 |     490 |   7.2 |      28 |       1 |   3.4
     Lair:5 |    2625 |    5419 |  67.4 |      11 |      19 |  63.3
     Lair:6 |    6469 |   11479 |  64.0 |      26 |      27 |  50.9
   Shoals:1 |   15638 |    6627 |  29.8 |      27 |      12 |  30.8
   Shoals:2 |   17927 |   13541 |  43.0 |      27 |      16 |  37.2
   Shoals:3 |   11228 |       0 |   0.0 |      25 |       0 |   0.0
   Shoals:4 |   23868 |   19325 |  44.7 |      39 |      33 |  45.8
    Snake:1 |   15763 |      13 |   0.1 |      28 |       1 |   3.4
    Snake:2 |   12728 |     934 |   6.8 |      24 |       7 |  22.6
    Snake:3 |   26993 |    3893 |  12.6 |      53 |       8 |  13.1
    Snake:4 |   24451 |   44496 |  64.5 |      48 |      68 |  58.6
      Orc:1 |     975 |     792 |  44.8 |      23 |       1 |   4.2
      Orc:2 |    2124 |    5612 |  72.5 |      21 |      39 |  65.0
      Elf:1 |   26028 |   10560 |  28.9 |      42 |      17 |  28.8
      Elf:2 |   13774 |   43212 |  75.8 |      22 |      50 |  69.4
      Elf:3 |   23132 |   39253 |  62.9 |      38 |      26 |  40.6
   Vaults:1 |   32084 |   35788 |  52.7 |      65 |      45 |  40.9
   Vaults:2 |   22070 |   34096 |  60.7 |      38 |      52 |  57.8
   Vaults:3 |   36201 |   21736 |  37.5 |      50 |      28 |  35.9
   Vaults:4 |   71381 |  115428 |  61.8 |      95 |     102 |  51.8
   Vaults:5 |    9151 |   50519 |  84.7 |      18 |      32 |  64.0
   Depths:1 |   30626 |   11699 |  27.6 |      43 |      10 |  18.9
   Depths:2 |   20698 |   53982 |  72.3 |      23 |      43 |  65.2
   Depths:3 |   30327 |   19709 |  39.4 |      35 |      30 |  46.2
   Depths:4 |   54254 |   46684 |  46.3 |      60 |      17 |  22.1
   Depths:5 |       0 |   17132 | 100.0 |       0 |      18 | 100.0
      IceCv |       0 |    2674 | 100.0 |       0 |      10 | 100.0
    Volcano |       0 |    2569 | 100.0 |       0 |       7 | 100.0
     WizLab |       0 |   33211 | 100.0 |       0 |      36 | 100.0
            +---------+---------+-------+---------+---------+-------
